 Dungeon Sprint DCSS version 0.31-a0-799-g6bc09d010c (webtiles) character file.

Game seed: 14450852956970237480

16613 sircluck the Brawler (level 12, -10/144 HPs)
             Began as a Troll Berserker on Sept 19, 2023.
             Was the Champion of Trog.
             Succumbed to poison (dark miasma)
             ... in the Dungeon (Sprint III: "The Ten Rune Challenge").
             The game lasted 00:07:05 (1588 turns).

sircluck the Brawler (Troll Berserker)              Turns: 1588, Time: 00:07:06

Health: -10/144    AC:  7    Str: 32    XL:     12   Next: 11%
Magic:  11/11      EV: 14    Int:  3    God:    Trog [******]
Gold:   71         SH:  0    Dex:  9    Spells: 11/11 levels left

rFire   . .          .
                       - Unarmed
rCold   . . .        (no shield)
rNeg    . . .        a - +0 animal skin
rPois   .            s - +2 hat
rElec   .            h - +0 cloak
rCorr   .            (gloves unavailable)
SInv    .            (boots unavailable)
Will    .....        (no amulet)
Stlth   +            (no ring)
HPRegen 1.24/turn    (no ring)
MPRegen 0.12/turn

%: no teleportation
@: lethally poisoned (-10 -> -67), on berserk cooldown, slowed, very slow
A: large, unfitting armour, claws 3, regeneration 1, shaggy fur 1, tough skin 1
a: Renounce Religion, Berserk, Trog's Hand, Brothers in Arms


You were in the Dungeon.
You worshipped Trog.
Trog was exalted by your worship.
You visited 1 branch You collected 71 gold pieces.

Inventory:

Missiles
 b - 4 javelins
Armour
 a - a +0 animal skin (worn)
 h - a +0 cloak (worn)
 s - a +2 hat (worn)
Scrolls
 j - a scroll of immolation {unknown}
 k - a scroll of identify {unknown}
 m - a scroll of torment {unknown}
 o - a scroll of enchant weapon {unknown}
Potions
 e - 3 potions of magic
 f - a potion of berserk rage
 i - 5 potions of mutation {unknown}
 l - 3 potions of enlightenment
 p - a potion of might {unknown}
 q - a potion of attraction {unknown}
 r - a potion of degeneration {unknown}
Miscellaneous
 n - a phial of floods


   Skills:
 + Level 15.7 Fighting
 + Level 15.5 Dodging
 + Level 18.1 Unarmed Combat


You had 11 spell levels left.
You didn't know any spells.
Your spell library was empty.

Dungeon Overview and Level Annotations

Branches:
Dungeon (1/1)

Altars:
Cheibriados
Dithmenos
Elyvilon
Fedhas
Gozag
Hepliaklqana
Kikubaaqudgha
Makhleb
Nemelex Xobeh
Okawaru
Qazlal
Ru
Sif Muna
Trog
Uskayaw
Vehumet
Wu Jian
Xom
Yredelemnul
Zin
The Shining One
Jiyva
Lugonu

Annotations:
D exclusion: 2 doors


Innate Abilities, Weirdness & Mutations

You are too large for most types of armour.
You have claws for hands.
Your natural rate of healing is unusually fast.
You are covered in fur. (AC +1)
You have tough skin. (AC +1)


Message History

The death drake bites you.
* * * LOW HITPOINT WARNING * * *
You barely miss the death drake.
The death drake is severely wounded.
You are engulfed in dark miasma.
You are more poisoned.
You feel as though you will be slow longer.
* * * LOW HITPOINT WARNING * * *
You feel very sick.
You closely miss the death drake.
The death drake is severely wounded.
You are engulfed in dark miasma.
You are more poisoned.
You feel as though you will be slow longer.
* * * LOW HITPOINT WARNING * * *
You feel extremely sick. The death drake barely misses you.
Unknown command.
You mangle the death drake!!
You kill the death drake!
Trog accepts your kill.
You are engulfed in dark miasma.
You are lethally poisoned!
* * * LOW HITPOINT WARNING * * *
x2 You feel extremely sick.
Unknown command.
Unknown command.
You enter the shallow water.
You are engulfed in dark miasma.
You are more poisoned.
You feel as though you will be slow longer.
* * * LOW HITPOINT WARNING * * *
You feel extremely sick.
You see here a death drake corpse.
Why would you want to do that?
Found a scroll labelled QEGRIYWA AMIR.
You feel a strong urge to attack something.
You are no longer berserk.
You are exhausted.
You feel as though you will be slow longer.
You die...

....♣♣♣♣~~~........))~...#^^.....
≈≈≈≈'♣♣'♣≈≈≈≈≈≈≈≈≈≈≈≈♣♣..'.....^.
....#.~♣♣♣♣♣♣♣♣♣♣♣♣♣♣♣♣..#^....^.
♣♣♣♣#..♣♣ ♣♣♣##+#####
###'♣♣♣♣♣♣♣♣♣♣♣♣♣♣♣
♣♣♣♣)##..##~~~~~≈..# ♣
♣...##.##.#~~~~≈§..# ♣
♣♣.##.##.##°†~~≈§#### ♣
♣..#.##.)°#†@..§§☼§§ #♣♣
♣♣.##.##..#≈..+##### ..♣
♣♣.##.#####...# ..♣ ♣.....# ....#
### ####### ###### . ≈P ≈≈≈


There were no monsters in sight!

Vanquished Creatures
  Rupert (D)
  Erolcha (D)
  2 hydras (D)
  A death yak (D)
  Urug (D)
  A death drake (D)
  A lindwurm (D)
  A deep elf pyromancer (D)
  An elephant (D)
  A black mamba (D)
  2 cane toads (D)
  A rime drake (D)
  A komodo dragon (D)
  2 tyrant leeches (D)
  7 blink frogs (D)
  A shadow (D)
  5 redbacks (D)
  A spatial vortex (D)
  3 wandering mushrooms (D)
  A swamp drake (D)
  5 two-headed ogres (D)
  A necrophage (D)
  A water elemental (D)
  An electric eel (D)
  A jelly (D)
  Crazy Yiuf (D)
  A wizard (D)
  A necromancer (D)
  3 humans (D)
  A kobold demonologist (D)
  An endoplasm (D)
  3 rats (D)
55 creatures vanquished.

Vanquished Creatures (collateral kills)
  Gastronok (D)
  2 dire elephants (D)
  3 death yaks (D)
  An elephant (D)
  A black mamba (D)
  A blink frog (D)
9 creatures vanquished.

Vanquished Creatures (others)
  A ballistomycete spore (D)
1 creature vanquished.

Grand Total: 65 creatures vanquished

Notes
Turn   | Place    | Note
-------+----------+-------------------------------------------
     0 | D        | sircluck the Troll Berserker began the quest for the Orb.
     0 | D        | Reached XP level 1. HP: 22/22 MP: 0/0
    30 | D        | Reached ** piety under Trog
    70 | D        | Reached skill level 4 in Unarmed Combat
    70 | D        | Reached XP level 2. HP: 9/31 MP: 1/1
    99 | D        | Noticed Crazy Yiuf
   104 | D        | Killed Crazy Yiuf
   105 | D        | Reached skill level 5 in Unarmed Combat
   105 | D        | Reached XP level 3. HP: 26/39 MP: 2/2
   131 | D        | Noticed a water elemental
   137 | D        | Killed a water elemental
   137 | D        | Reached *** piety under Trog
   138 | D        | Reached skill level 5 in Fighting
   138 | D        | Reached skill level 5 in Dodging
   138 | D        | Reached skill level 6 in Unarmed Combat
   138 | D        | Reached XP level 4. HP: 50/50 MP: 3/3
   338 | D        | Found a radiant altar of Vehumet.
   338 | D        | Found a shimmering blue altar of Sif Muna.
   338 | D        | Found an ancient bone altar of Kikubaaqudgha.
   338 | D        | Noticed a wizard
   341 | D        | Killed a wizard
   346 | D        | Reached XP level 5. HP: 57/57 MP: 4/4
   364 | D        | Found a basalt altar of Yredelemnul.
   364 | D        | Found a shadowy altar of Dithmenos.
   364 | D        | Found a sacrificial altar of Ru.
   368 | D        | Reached **** piety under Trog
   375 | D        | Reached skill level 7 in Unarmed Combat
   386 | D        | Found a hide-covered altar of Uskayaw.
   386 | D        | Found an iron altar of Okawaru.
   386 | D        | Found a bloodstained altar of Trog.
   386 | D        | Found an ornate altar of the Wu Jian Council.
   386 | D        | Noticed a human
   391 | D        | Killed a human
   392 | D        | Reached skill level 8 in Unarmed Combat
   392 | D        | Reached XP level 6. HP: 71/71 MP: 5/5
   392 | D        | Noticed a human
   398 | D        | Killed a human
   399 | D        | Reached skill level 9 in Unarmed Combat
   432 | D        | Found a glowing silver altar of Zin.
   433 | D        | Found a glowing golden altar of the Shining One.
   433 | D        | Found a white marble altar of Elyvilon.
   433 | D        | Noticed a deep elf pyromancer
   438 | D        | Noticed a fire elemental
   438 | D        | Killed a deep elf pyromancer
   438 | D        | Reached ***** piety under Trog
   439 | D        | Reached skill level 10 in Unarmed Combat
   439 | D        | Reached XP level 7. HP: 52/81 MP: 6/6
   477 | D        | Noticed a shadow
   484 | D        | Killed a shadow
   485 | D        | Reached XP level 8. HP: 70/92 MP: 7/7
   493 | D        | Found a blossoming altar of Fedhas.
   493 | D        | Found a stormy altar of Qazlal.
   493 | D        | Found a snail-covered altar of Cheibriados.
   493 | D        | Found a burning altar of Makhleb.
   493 | D        | Found a shimmering altar of Xom.
   494 | D        | Found a hazy altar of Hepliaklqana.
   494 | D        | Found an opulent altar of Gozag.
   494 | D        | Found a sparkling altar of Nemelex Xobeh.
   494 | D        | Found a corrupted altar of Lugonu.
   494 | D        | Found a viscous altar of Jiyva.
   528 | D        | Reached skill level 11 in Unarmed Combat
   531 | D        | Received a gift from Trog
   572 | D        | Noticed a two-headed ogre
   576 | D        | Killed a two-headed ogre
   577 | D        | Reached skill level 10 in Fighting
   582 | D        | Noticed a two-headed ogre
   582 | D        | Noticed Erolcha
   588 | D        | Killed Erolcha
   589 | D        | Reached skill level 10 in Dodging
   589 | D        | Reached skill level 12 in Unarmed Combat
   589 | D        | Reached XP level 9. HP: 75/102 MP: 8/8
   594 | D        | Killed a two-headed ogre
   673 | D        | Reached skill level 13 in Unarmed Combat
   682 | D        | Noticed a wandering mushroom
   689 | D        | Noticed a wandering mushroom
   691 | D        | Noticed a wandering mushroom
   703 | D        | Received a gift from Trog
   728 | D        | Noticed a cane toad
   728 | D        | Noticed a komodo dragon
   728 | D        | Noticed a cane toad
   731 | D        | Killed a cane toad
   736 | D        | Killed a cane toad
   737 | D        | Killed a komodo dragon
   738 | D        | Reached XP level 10. HP: 115/115 MP: 9/9
   780 | D        | Reached skill level 14 in Unarmed Combat
   784 | D        | Reached ****** piety under Trog
   794 | D        | Received a gift from Trog
   822 | D        | Noticed an elephant
   822 | D        | Noticed an elephant
   822 | D        | Noticed a dire elephant
   822 | D        | Noticed a dire elephant
   825 | D        | Killed a dire elephant
   828 | D        | Killed an elephant
   829 | D        | Reached skill level 15 in Unarmed Combat
   832 | D        | Killed an elephant
   832 | D        | Identified the +6 trident "Ylyaneid" {flame, rElec rC++
                  | Will- Str+2} (Trog gifted it to you in the Dungeon)
   832 | D        | Received a gift from Trog
   833 | D        | Killed a dire elephant
   837 | D        | Noticed Gastronok
   843 | D        | Killed Gastronok
   844 | D        | Reached XP level 11. HP: 128/128 MP: 10/10
   844 | D        | Noticed an azure jelly
   845 | D        | Noticed an azure jelly
   845 | D        | Noticed an azure jelly
   847 | D        | Noticed an azure jelly
   856 | D        | Noticed Rupert
   871 | D        | Paralysed by Rupert for 4 turns
   878 | D        | HP: 6/128 [Rupert/+4 heavy great sword (35)]
   930 | D        | Paralysed by Rupert for 5 turns
   945 | D        | Killed Rupert
   946 | D        | Reached skill level 16 in Unarmed Combat
  1010 | D        | Received a gift from Trog
  1140 | D        | Noticed a lindwurm
  1146 | D        | Killed a lindwurm
  1395 | D        | Noticed a death yak
  1395 | D        | Noticed a death yak
  1416 | D        | Killed a death yak
  1432 | D        | Noticed a death yak
  1434 | D        | Noticed a death yak
  1438 | D        | Killed a death yak
  1438 | D        | Received a gift from Trog
  1439 | D        | Reached skill level 17 in Unarmed Combat
  1444 | D        | Killed a death yak
  1453 | D        | Killed a death yak
  1454 | D        | Reached skill level 15 in Fighting
  1457 | D        | Reached skill level 15 in Dodging
  1470 | D        | Noticed a kraken
  1549 | D        | Noticed Urug
  1552 | D        | Killed Urug
  1560 | D        | Noticed a six-headed hydra
  1560 | D        | Noticed a five-headed hydra
  1574 | D        | Killed an eight-headed hydra
  1575 | D        | Reached XP level 12. HP: 143/143 MP: 11/11
  1579 | D        | Killed a nine-headed hydra
  1580 | D        | Reached skill level 18 in Unarmed Combat
  1581 | D        | Received a gift from Trog
  1587 | D        | HP: 6/216 [poison (dark miasma)]
  1588 | D        | Succumbed to poison (dark miasma)

Illustrated notes

Levels and vault maps discovered:
D:        dungeon_sprint_mu [sprint_mu_entry_cave, sprint_mu_temple_rooms,
          sprint_mu_d1_spiders, sprint_mu_d2_genie, sprint_mu_d3_branching,
          sprint_mu_orc_legion, sprint_mu_elf_gauntlet, sprint_mu_hive_nellie,
          sprint_mu_lair_fedhas, sprint_mu_vaults_butterflies,
          sprint_mu_slime_circle, sprint_mu_swamp_cave, sprint_mu_shoals_kraken,
          sprint_mu_blade_basic, sprint_mu_crypt_fortress,
          sprint_mu_tomb_spiral, sprint_mu_vestibule_basic,
          sprint_mu_gehenna_hellfire, sprint_mu_dis_giant,
          sprint_mu_tartarus_statrot, sprint_mu_cocytus_islands, sprint_mu_zot1]

Skill      XL: |  1  2  3  4  5  6  7  8  9 10 11 12 |
---------------+-------------------------------------+-----
Fighting       | 3 4 5 7 8 9 10 11 13 15 | 15.7
Dodging        | 3 4 5 7 8 9 10 11 13 15 | 15.5
Unarmed Combat | 4 5 6 8 10 12 13 15 17 18 | 18.1

Action                     |  1- 3 |  4- 6 |  7- 9 | 10-12 || total
---------------------------+-------+-------+-------+-------++-------
  Melee: Unarmed           |    27 |    31 |    57 |    91 ||   206
         Punch             |       |       |     2 |     9 ||    11
 Invoke: Berserk           |     1 |     1 |     1 |     3 ||     6
         Brothers in Arms  |       |       |       |     2 ||     2
    Use: Potion            |       |       |       |     4 ||     4
         Scroll            |       |       |       |     2 ||     2
 Armour: Animal skin       |    10 |    12 |    27 |    66 ||   115
         Skin              |       |       |       |     1 ||     1
  Dodge: Dodged            |    11 |     5 |    23 |    38 ||    77

Table legend: (Time is in decaauts)
 A = Elapsed time spent in this place.
 B = Non-inter-level travel time spent in this place.
 C = Inter-level travel time spent in this place.
 D = Time resting spent in this place.
 E = Time spent auto-exploring this place.
 F = Levels seen in this place.
 G = Mean time per level.
                   A        B        C        D        E       F      G
               +--------+--------+--------+--------+--------+-----+--------+
         Total |   1566 |   1468 |     98 |    714 |    156 |   1 | 1566.0 |
       Dungeon |   1566 |   1468 |     98 |    714 |    156 |   1 | 1566.0 |
               +--------+--------+--------+--------+--------+-----+--------+

Top non-repeatable levels by time:
       D: 1566 daAuts
